 Dungeon Crawl Stone Soup version 0.27-a0-1525-g1038ab4fd7 (webtiles) character file.

Game seed: 623902979951374908

2212 blackman the Spear-Bearer (level 9, -16/65 HPs)
             Began as a Human Wanderer on July 10, 2021.
             Was an Initiate of Gozag.
             Demolished by an orc warrior (20 damage)
             ... in a bailey.
             The game lasted 00:27:44 (11499 turns).

blackman the Spear-Bearer (Human Wanderer)         Turns: 11499, Time: 00:27:45

Health: -16/65     AC: 21    Str: 13    XL:     9   Next: 61%
Magic:  9/9        EV:  3    Int: 22    God:    Gozag
Gold:   991        SH:  0    Dex: 17    Spells: 7/8 levels left

rFire    . . .     SeeInvis +   A - +2 executioner's axe (drain)
rCold    . . .     Faith    .   (shield currently unavailable)
rNeg     . . .     Spirit   .   v - +9 plate armour "Kepous" {Int+8 Dex+3 SInv Stlth+}
rPois    .         Reflect  .   z - +0 helmet
rElec    .         Harm     .   (no cloak)
rCorr    .         Rampage  .   (no gloves)
Will     +....                  H - +0 pair of boots
Stlth    ..........             m - amulet of regeneration
HPRegen  1.20/turn              t - ring of willpower
MPRegen  0.11/turn              (no ring)

@: mighty, about to teleport, very slow
A: no striking features
a: Renounce Religion, Potion Petition, Call Merchant, Bribe Branch


You were in a bailey.
You worshipped Gozag.
Gozag was pleased with you.
You visited 2 branches of the dungeon, and saw 9 of its levels.
You also visited: Bailey.

You collected 1045 gold pieces.
You paid 54 gold pieces to Gozag.

Inventory:

Hand Weapons
 a - a +2 spear
 c - a +0 dagger
 f - a +2 dagger of venom
 w - a +5 halberd
 A - a +2 executioner's axe of draining (weapon)
 B - a +2 antimagic war axe
 I - a +3 spectral quarterstaff
Missiles
 d - 61 poisoned darts
 i - a throwing net
Armour
 b - a +0 robe
 p - a +0 ring mail
 q - a +0 chain mail
 v - the +9 plate armour "Kepous" (worn) {Int+8 Dex+3 SInv Stlth+}
   (You found it on level 6 of the Dungeon)

   Int:       It affects your intelligence (+8).
   Dex:       It affects your dexterity (+3).
   SInv:      It lets you see invisible.
   Stlth:     It makes you more stealthy.
 z - a +0 helmet (worn)
 H - a +0 pair of boots (worn)
Jewellery
 m - an amulet of regeneration (around neck)
 t - a ring of willpower (left hand)
 y - a ring of willpower
Wands
 D - a wand of polymorph (7)
Scrolls
 e - 3 scrolls of magic mapping
 k - 3 scrolls of fog
 o - 2 scrolls of enchant weapon
 r - a scroll of teleportation
 x - a scroll of amnesia
 F - a scroll of fear
 G - a scroll of enchant armour
Potions
 g - 3 potions of brilliance
 h - a potion of flight
 j - 4 potions of curing {unknown}
 l - 3 potions of heal wounds
 n - a potion of might
 s - a potion of lignification
 u - a potion of mutation {unknown}
 C - a potion of attraction {unknown}
 E - a potion of invisibility {unknown}


   Skills:
 - Level 4.0 Fighting
 * Level 0.0(7.7) Axes
 - Level 12.0 Polearms
 - Level 1.0 Throwing
 - Level 1.0 Armour
 - Level 2.0 Stealth


You had 7 spell levels left.
You knew the following spells:

 Your Spells              Type           Power      Damage    Failure   Level
a - Summon Small Mammal   Summ           0%         N/A       100%        1

Your spell library contained the following spells:

 Spells                   Type           Power      Damage    Failure   Level
 Beastly Appendage        Tmut           0%         N/A       100%        1
 Corona                   Hex            0%         N/A       100%        1
 Shock                    Conj/Air       0%         1d3       100%        1
 Corpse Rot               Necr/Air       N/A        N/A       100%        2
 Ensorcelled Hibernation  Hex/Ice        0%         N/A       100%        2
 Passwall                 Tmut/Erth      0%         N/A       100%        2
 Wereblood                Tmut           0%         N/A       100%        2
 Frozen Ramparts          Ice            0%         1d2       100%        3
 Spider Form              Tmut/Pois      0%         N/A       100%        3
 Summon Guardian Golem    Hex/Summ       0%         N/A       100%        3
 Swiftness                Air            0%         N/A       100%        3
 Tukima's Dance           Hex            0%         N/A       100%        3
 Airstrike                Air            0%         N/A       100%        4
 Dispel Undead            Necr           0%         3d6       100%        4
 Ice Form                 Ice/Tmut       0%         N/A       100%        4
 Summon Ice Beast         Ice/Summ       0%         N/A       100%        4
 Death Channel            Necr           0%         N/A       100%        6


Dungeon Overview and Level Annotations

Branches:
Dungeon (8/15)             Temple (1/1) D:4          Bailey (1/1)
   Lair: D:8-11

Altars:
Ashenzari
Dithmenos
Fedhas
Gozag
Okawaru
Qazlal
Sif Muna
Wu Jian
Zin

Shops:
D:1 :

Annotations:
D:3 Grinder


Message History

You hit the orc warrior.
You kill the orc warrior!
Your Polearms skill increases to level 12!
You now have 991 gold pieces (gained 8).
Things that are here:
a +0 halberd; a +0 chain mail
There is an open door here.
You enter the shallow water.
Moving in this stuff is going to be slow.
You open the gate.
Found a runed executioner's axe.
Found two gates leading back out of this place.
There is an open gate here.
You see here a +2 executioner's axe of draining.
A - a +2 executioner's axe of draining You sense an unholy aura.
A - a +2 executioner's axe of draining (weapon)
You open the door. 3 orc warriors and an orc knight come into view.
The orc warrior shouts! x2; The orc knight shouts!
The orc knight hits you from afar with a +0 halberd!
Found a yellow potion and a manual of Armour.
You feel very mighty all of a sudden.
The orc warrior hits you but does no damage.
The orc knight roars a battlecry!
The orc warriors go into a battle-frenzy!
The orc warrior hits you from afar with a +0 glaive!!
There are monsters nearby!
As you read the scroll of teleportation, it crumbles to dust.
You feel strangely unstable. The orc warrior barely misses you.
The orc knight hits you from afar with a +0 halberd!
* * * LOW HITPOINT WARNING * * *
The orc warrior hits you from afar with a +0 glaive!
* * * LOW HITPOINT WARNING * * *
There is an open gate here.
You enter the shallow water.
Moving in this stuff is going to be slow.
The orc warrior hits you from afar with a +0 trident!!
You die...
Your body crumbles into a pile of gold.

....≈≈≈≈≈≈≈≈#≈≈##)#)##≈≈#≈≈≈≈≈≈≈≈
...)≈≈≈≈≈≈≈##≈#########≈##≈≈≈≈≈≈≈
....≈)≈≈≈≈≈##≈')#:.!#)'≈##≈≈≈≈≈≈≈
....≈≈≈≈≈≈≈##≈###o8.###≈##≈≈≈≈≈≈≈
....≈≈≈≈≈≈≈##≈')#o..#)'≈##≈≈≈≈≈≈≈
....≈≈≈≈≈≈≈##≈####o####≈##≈≈≈≈≈≈≈
....≈≈≈≈≈≈≈≈#≈≈##o.∩##≈≈##≈≈≈≈≈≈≈
....≈≈≈≈≈))≈##≈≈#'''##≈≈≈≈≈≈≈≈≈≈≈
....≈≈≈≈≈≈≈≈≈##≈@≈≈≈##≈≈≈≈≈≈≈≈≈≈≈
....≈≈≈≈≈≈≈≈≈≈##≈≈≈≈##≈≈≈)≈≈≈≈≈≈≈
....≈≈#.#≈≈≈≈≈≈#######≈≈≈≈≈≈#.#≈≈
....≈##.∩#≈≈≈≈≈≈≈≈≈≈≈≈≈)≈≈≈#∩.##≈
....≈..^..≈≈≈≈≈≈≈≈≈≈≈≈≈≈≈≈≈).^..≈
....≈##.##≈≈≈≈≈≈≈≈≈≈≈≈≈≈≈≈≈##.##≈
....≈≈#.#≈≈≈≈≈≈≈≈≈≈)≈≈≈≈≈≈≈≈#.#
....≈≈≈≈≈≈≈≈≈≈≈≈≈≈≈≈≈≈≈≈≈≈≈≈≈≈≈
................................


You could see 2 orc warriors.

Vanquished Creatures
  An ice beast (D:8)
  7 orc warriors (Bailey)
  A necrophage (D:5)
  An ogre (D:6)
  A centaur (D:6)
  2 scorpions
  4 wights (D:6)
  A crimson imp (D:5)
  3 hounds
  A jelly (D:5)
  4 orc priests
  A bullfrog skeleton (D:7)
  A centaur skeleton (D:6)
  Ijyb (D:4)
  3 iguanas
  6 orc wizards
  2 hound skeletons
  8 gnolls
  2 howler monkey skeletons (D:5)
  4 adders
  3 white imps
  An ufetubus (D:5)
  3 worms (D:2)
  3 dart slugs
  32 orcs
  5 bats
  3 endoplasms (D:4)
  4 giant cockroaches
  15 goblins
  10 hobgoblins
  12 jackals
  8 kobolds
  7 quokkas
  4 ball pythons
  4 frilled lizards
  3 rats (D:1)
171 creatures vanquished.

Notes
Turn   | Place    | Note
-------+----------+-------------------------------------------
     0 | D:1      | blackman the Human Wanderer began the quest for the Orb.
     0 | D:1      | blackman set off with the following items: a +2 spear, a +0
                  | robe, a +0 dagger; and the following spell memorised:
                  | Summon Small Mammal; and the following spells available to
                  | memorise: Passwall, Wereblood, Summon Guardian Golem
     0 | D:1      | Reached XP level 1. HP: 19/19 MP: 1/1
   293 | D:1      | Reached XP level 2. HP: 16/25 MP: 2/2
   385 | D:1      | Reached skill level 3 in Polearms
   559 | D:1      | Reached XP level 3. HP: 30/30 MP: 3/3
   692 | D:1      | Found Utwawo's Book Boutique.
  1529 | D:2      | Found a faded altar of an unknown god.
  2387 | D:2      | Reached skill level 4 in Polearms
  2387 | D:2      | Reached XP level 4. HP: 37/37 MP: 4/4
  4118 | D:3      | Reached XP level 5. HP: 39/42 MP: 5/5
  4132 | D:3      | Reached skill level 5 in Polearms
  4273 | D:3      | Noticed Grinder
  4815 | D:3      | Reached XP level 6. HP: 36/48 MP: 6/6
  5075 | D:4      | Found a staircase to the Ecumenical Temple.
  5089 | D:4      | Reached skill level 6 in Polearms
  5098 | Temple   | Entered the Ecumenical Temple
  5106 | Temple   | Became a worshipper of Gozag Ym Sagoz the Greedy
  5340 | D:4      | Found an ornate altar of the Wu Jian Council.
  5535 | D:4      | Reached XP level 7. HP: 31/54 MP: 7/7
  6130 | D:5      | Entered Level 5 of the Dungeon
  6144 | D:5      | Reached skill level 7 in Polearms
  6247 | D:5      | Noticed Ijyb
  6497 | D:4      | Killed Ijyb
  6833 | D:5      | Reached skill level 8 in Polearms
  6876 | D:5      | Reached XP level 8. HP: 45/60 MP: 8/8
  6942 | D:5      | Found an iron altar of Okawaru.
  7401 | D:6      | Found a stormy altar of Qazlal.
  7474 | D:6      | Reached skill level 9 in Polearms
  7495 | D:6      | Identified the +9 plate armour "Kepous" {Int+8 Dex+3 SInv
                  | Stlth+}
  8621 | D:6      | Reached skill level 10 in Polearms
  9216 | D:7      | Reached XP level 9. HP: 63/64 MP: 9/9
  9857 | D:8      | Found a flagged portal.
  9915 | Bailey   | Entered a bailey
 10162 | Bailey   | Reached skill level 11 in Polearms
 11475 | Bailey   | Reached skill level 12 in Polearms
 11495 | Bailey   | Noticed an orc knight
 11497 | Bailey   | HP: 1/65 [orc warrior (14)]
 11499 | Bailey   | Demolished by an orc warrior

Illustrated notes

Levels and vault maps discovered:
D:1:      dpeg_arrival_chambers_temple_mockup, layout_basic, serial_shops, shop
D:2:      layout_loops_corners, ebering_ecumenical_altar_sacrificial,
          minmay_increasing_density
D:3:      layout_basic, minmay_diced_spiral, uniq_grinder
D:4:      layout_basic, mainiacjoe_overflow_catwalk, minmay_temple_entry_tees,
          minmay_unequal
D:5:      layout_cave_pools, okawaru_gym_becter, minmay_fire_ice_demons,
          uniq_ijyb
D:6:      layout_cave_pools, mainiacjoe_overflow_six_doors_small
D:7:      layout_basic
D:8:      layout_loops_ring, enter_bailey_5, hangedman_misty_isle
Temple:   regret_index_temple_mists
Bailey:   bailey_polearm_2, bailey

Skill      XL: |  1  2  3  4  5  6  7  8  9 |
---------------+----------------------------+-----
Polearms       | 3 4 5 6 8 10 12 | 12.0
Fighting       | |  4.0
Throwing       | |  1.0
Armour         | |  1.0
Stealth        | |  2.0

Action                   |  1- 3 |  4- 6 |  7- 9 || total
-------------------------+-------+-------+-------++-------
Melee: Spear             |    38 |       |     1 ||    39
       Dagger            |    62 |   174 |   180 ||   416
       Halberd           |       |       |   195 ||   195
Throw: Dart              |       |       |    19 ||    19
Evoke: Wand              |       |       |     7 ||     7
  Use: Scroll            |       |     6 |     6 ||    12
       Potion            |       |     1 |     2 ||     3
 Stab: Sleeping          |     4 |     4 |       ||     8
       Distracted        |     1 |       |     1 ||     2
Armor: Robe              |    14 |    15 |       ||    29
       Chain mail        |       |    50 |    98 ||   148
       Plate armour      |       |       |   169 ||   169
Dodge: Dodged            |    38 |    67 |    91 ||   196

Table legend: (Time is in decaauts)
 A = Elapsed time spent in this place.
 B = Non-inter-level travel time spent in this place.
 C = Inter-level travel time spent in this place.
 D = Time resting spent in this place.
 E = Time spent auto-exploring this place.
 F = Levels seen in this place.
 G = Mean time per level.
                   A        B        C        D        E       F      G
               +--------+--------+--------+--------+--------+-----+--------+
         Total |  11590 |  11209 |    381 |   3719 |   5410 |  10 | 1159.0 |
       Dungeon |   9901 |   9539 |    362 |   2702 |   5286 |   8 | 1237.6 |
        Temple |     21 |      3 |     18 |      0 |      0 |   1 |   21.0 |
        Bailey |   1668 |   1668 |      0 |   1017 |    124 |   1 | 1668.0 |
               +--------+--------+--------+--------+--------+-----+--------+

Top non-repeatable levels by time:
     D:2: 2119 daAuts
  Bailey: 1668 daAuts
     D:3: 1636 daAuts
     D:4: 1558 daAuts
     D:5: 1319 daAuts
     D:1: 1288 daAuts
     D:6: 1024 daAuts
     D:7: 841 daAuts
     D:8: 112 daAuts
  Temple: 21 daAuts
